 Dungeon Crawl Stone Soup version 0.31-a0-1529-g7bd419a0e5 (webtiles) character file.

Game seed: 17640176297473472694

543 Curundu the Ruffian (level 7, -2/67 HPs)
             Began as a Troll Berserker on Dec 31, 2023.
             Was a Priest of Trog.
             Slain by a scorpion (4 damage)
             ... on level 5 of the Dungeon.
             The game lasted 00:07:58 (2919 turns).

Curundu the Ruffian (Troll Berserker)               Turns: 2919, Time: 00:07:59

Health: -2/67      AC:  4    Str: 28    XL:     7   Next: 6%
Magic:  6/6        EV: 10    Int:  3    God:    Trog [***...]
Gold:   170        SH:  0    Dex:  9    Spells: 6/6 levels left

rFire   . .          .
                       - Unarmed
rCold   . . .        (no shield)
rNeg    . . .        a - +0 animal skin
rPois   .            (helmet restricted)
rElec   .            (no cloak)
rCorr   .            (gloves unavailable)
SInv    .            (boots unavailable)
Will    .....        h - amulet of the acrobat
Stlth   +            (no ring)
HPRegen 1.11/turn    (no ring)
MPRegen 0.10/turn

%: acrobat
@: no status effects
A: large, unfitting armour, claws 3, regeneration 1, shaggy fur 1, tough skin 1
a: Renounce Religion, Berserk, Trog's Hand


You were on level 5 of the Dungeon.
You worshipped Trog.
Trog was most pleased with you.
You visited 1 branch of the dungeon, and saw 5 of its levels.

You collected 170 gold pieces.

Inventory:

Missiles
 k - 3 javelins
Armour
 a - a +0 animal skin (worn)
Jewellery
 h - an amulet of the acrobat (around neck)
 s - a ring of positive energy
Scrolls
 f - 2 scrolls of blinking {unknown}
 g - 2 scrolls of enchant armour {unknown}
 i - 2 scrolls of teleportation {unknown}
 j - a scroll of enchant weapon {unknown}
 m - a scroll of vulnerability {unknown}
 n - 5 scrolls of identify {unknown}
 o - 2 scrolls of poison {unknown}
 p - a scroll of fear {unknown}
 r - 2 scrolls of immolation {unknown}
 u - a scroll of amnesia {unknown}
Potions
 b - a potion of heal wounds {unknown}
 c - 2 potions of lignification {unknown}
 d - 2 potions of invisibility {unknown}
 e - 2 potions of haste {unknown}
 l - 2 potions of might {unknown}
 q - a potion of cancellation {unknown}
 t - a potion of brilliance {unknown}
 v - a potion of attraction {unknown}
 w - a potion of mutation {unknown}


   Skills:
 + Level 3.2 Fighting
 + Level 4.1 Dodging
 + Level 0.7 Stealth
 + Level 6.2 Unarmed Combat


You had 6 spell levels left.
You didn't know any spells.
Your spell library was empty.

Dungeon Overview and Level Annotations

Branches:
Dungeon (5/15)
 Temple: D:4-7

Altars:

Shops:
D:4 (

Annotations:
D:5 Sigmund


Innate Abilities, Weirdness & Mutations

You are too large for most types of armour.
You have claws for hands.
Your natural rate of healing is unusually fast.
You are covered in fur. (AC +1)
You have tough skin. (AC +1)


Message History

You claw the ufetubus!
You kill the ufetubus!
Trog accepts your kill.
You feel sick. Blork the orc closely misses you. The scorpion stings you.
Blork the orc hits you with a +0 short sword.
You feel sick. The scorpion closely misses you.
Blork the orc points at you and mumbles some strange words.
The puff of flame hits you. The scorpion completely misses you.
You see here a bombardier beetle corpse.
You scratch Blork the orc but do no damage.
You feel sick. Blork the orc closely misses you. Something hits you.
The scorpion completely misses you.
You closely miss Blork the orc.
You feel sick. Blork the orc closely misses you.
Blork the orc barely misses you. The scorpion stings you.
* * * LOW HITPOINT WARNING * * *
Something hits you but does no damage.
You mangle Blork the orc!!
Blork the orc is severely wounded.
Blork the orc closely misses you. The scorpion barely misses you.
You closely miss Blork the orc.
Blork the orc is severely wounded.
You feel sick. Blork the orc barely misses you. Something hits you!
* * * LOW HITPOINT WARNING * * *
The scorpion barely misses you.
You scratch Blork the orc.
Blork the orc is severely wounded.
You feel sick.
You are no longer poisoned.
Blork the orc hits you but does no damage.
The scorpion stings you but does no damage.
Blork the orc barely misses you.
You mangle Blork the orc!!
You kill Blork the orc!
Trog accepts your kill.
Trog appreciates your killing of a magic user.
Something hits you!
* * * LOW HITPOINT WARNING * * *
The scorpion stings you.
You die...

###..### #.# .## #....##
#.# ...# ####..# #.#
#..## #..#####.# ##
#..## #........#
...####..## #........#
..........#####.......#
.......s#.....#.......##
.......@................
.....{.)######..........
........# ##.........
......... #.........
........# #.......##
........# #.......##
........# ..#####.......
######### #..[.....†....
#######.>.....


You could see a scorpion.

Vanquished Creatures
  Grinder (D:4)
  A black bear (D:4)
  Blork the orc (D:5)
  A bombardier beetle (D:5)
  A hound (D:5)
  A sleepcap (D:4)
  3 adders
  2 ufetubi (D:5)
  4 dart slugs
  2 ribbon worms
  4 orcs (D:4)
  10 ball pythons
  8 endoplasms
  5 giant cockroaches
  5 goblins
  6 hobgoblins
  8 jackals
  8 kobolds
  3 quokkas
  8 bats
  3 frilled lizards
  6 rats
91 creatures vanquished.

Notes
Turn   | Place    | Note
-------+----------+-------------------------------------------
     0 | D:1      | Curundu the Troll Berserker began the quest for the Orb.
     0 | D:1      | Reached XP level 1. HP: 22/22 MP: 0/0
   133 | D:1      | Reached XP level 2. HP: 27/29 MP: 1/1
   391 | D:1      | Reached ** piety under Trog
   393 | D:1      | Reached XP level 3. HP: 25/36 MP: 2/2
   997 | D:2      | Reached XP level 4. HP: 27/45 MP: 3/3
  1447 | D:3      | Reached skill level 4 in Unarmed Combat
  1533 | D:3      | Reached *** piety under Trog
  2278 | D:4      | Noticed Grinder
  2285 | D:4      | Paralysed by Grinder for 5 turns
  2297 | D:4      | Killed Grinder
  2298 | D:4      | Reached skill level 5 in Unarmed Combat
  2298 | D:4      | Reached XP level 5. HP: 40/53 MP: 4/4
  2298 | D:4      | Reached XP level 6. HP: 47/61 MP: 5/5
  2543 | D:4      | Found Nijigykh's Antique Weapon Boutique.
  2599 | D:4      | Reached skill level 6 in Unarmed Combat
  2835 | D:5      | Entered Level 5 of the Dungeon
  2899 | D:5      | Noticed Blork the orc
  2907 | D:5      | Reached XP level 7. HP: 62/67 MP: 6/6
  2907 | D:5      | Noticed Sigmund
  2919 | D:5      | Killed Blork the orc
  2919 | D:5      | HP: 2/67 [something (8)]
  2919 | D:5      | Slain by a scorpion

Illustrated notes

Levels and vault maps discovered:
D:1:      dpeg_arrival_short_road, layout_basic, chequers_serial_rivers_micro_a
D:2:      minmay_evil_eye, layout_basic
D:3:      layout_basic
D:4:      layout_basic, serial_shops, shop, uniq_grinder
D:5:      layout_rooms, mainiacjoe_overflow_divided_tiny, uniq_sigmund,
          uniq_blork_the_orc, uniq_prince_ribbit1, uniq_ijyb

Skill      XL: |  1  2  3  4  5  6 |
---------------+-------------------+-----
Fighting       | 3 |  3.2
Dodging        | 3 4 |  4.1
Unarmed Combat | 5 6 |  6.2
Stealth        | |  0.7

Action                     |  1- 3 |  4- 6 |  7- 9 || total
---------------------------+-------+-------+-------++-------
  Melee: Unarmed           |    96 |   106 |    10 ||   212
         Punch             |     3 |       |       ||     3
   Stab: Sleeping          |     2 |       |       ||     2
 Armour: Animal skin       |    79 |    58 |    18 ||   155
  Dodge: Dodged            |    91 |    80 |    28 ||   199

Table legend: (Time is in decaauts)
 A = Elapsed time spent in this place.
 B = Non-inter-level travel time spent in this place.
 C = Inter-level travel time spent in this place.
 D = Time resting spent in this place.
 E = Time spent auto-exploring this place.
 F = Levels seen in this place.
 G = Mean time per level.
                   A        B        C        D        E       F      G
               +--------+--------+--------+--------+--------+-----+--------+
         Total |   2902 |   2902 |      0 |      0 |   2176 |   5 |  580.4 |
       Dungeon |   2902 |   2902 |      0 |      0 |   2176 |   5 |  580.4 |
               +--------+--------+--------+--------+--------+-----+--------+

Top non-repeatable levels by time:
     D:4: 832 daAuts
     D:2: 705 daAuts
     D:1: 679 daAuts
     D:3: 602 daAuts
     D:5: 81 daAuts
